 Dungeon Crawl Stone Soup version 0.19.1-1-g22dce08 (webtiles) character file.

43 ponk the Skirmisher (level 3, 0/33 HPs)
             Began as a Draconian Berserker on Jan 9, 2017.
             Was a Believer of Trog.
             Slain by a gnoll
             ... wielding a +0 spear
              (8 damage)
             ... on level 2 of the Dungeon.
             The game lasted 00:02:48 (995 turns).

ponk the Skirmisher (Draconian Berserker)            Turns: 995, Time: 00:02:48

Health: 0/33       AC:  6    Str: 20    XL:     3   Next: 37%
Magic:  3/3        EV: 12    Int:  7    God:    Trog [**....]
Gold:   107        SH:  0    Dex: 10    Spells: 0 memorised, 2 levels left

rFire  . . .     SeeInvis .     g - +2 dagger (holy)
rCold  . . .     Gourm    .     (armour unavailable)
rNeg   + . .     Faith    .     (no shield)
rPois  .         Spirit   .     (helmet restricted)
rElec  .         Reflect  .     (no cloak)
rCorr  .         Harm     .     (no gloves)
MR     .....                    m - +0 pair of boots
Stlth  +.........               (no amulet)
                                (no ring)
                                q - ring of positive energy

@: no status effects
A: unfitting armour, cold-blooded, AC +5
a: Berserk, Trog's Hand, Burn Spellbooks, Renounce Religion


You were on level 2 of the Dungeon.
You worshipped Trog.
Trog was pleased with you.
You were not hungry.

You visited 1 branch of the dungeon, and saw 2 of its levels.

You collected 107 gold pieces.

Inventory:

Hand Weapons
 a - a +0 falchion
 g - a +2 dagger of holy wrath (weapon)
Armour
 m - a +0 pair of boots (worn)
Jewellery
 q - a ring of positive energy (left hand)
Scrolls
 h - a scroll of teleportation {unknown}
 i - a scroll of enchant armour {unknown}
 k - a scroll of amnesia {unknown}
 l - 4 scrolls of identify {unknown}
Potions
 d - 2 potions of mutation {unknown}
 e - 2 potions of curing {unknown}
 f - a potion of ambrosia {unknown}
 j - 2 potions of resistance {unknown}
 o - a potion of berserk rage {unknown}
 p - 2 potions of flight {unknown}
Comestibles
 b - 3 bread rations
 c - a meat ration
 n - a slice of pizza


   Skills:
 + Level 3.8 Fighting
 + Level 1.4(2.6) Short Blades
 + Level 3.4(3.5) Long Blades
 + Level 2.9 Dodging


You had 2 spell levels left.
You didn't know any spells.

Dungeon Overview and Level Annotations

Branches:
Dungeon (2/15)

Altars:


Innate Abilities, Weirdness & Mutations

Your plain brown scales are hard. (AC +5)
You cannot fit into any form of body armour.
You are cold-blooded and may be slowed by cold attacks.


Message History

You shred the net and break free! The gnoll hits you but does no damage.
You are too injured to fight recklessly!
You are too injured to fight recklessly!
The gnoll hits you but does no damage.
You hit the gnoll.
The gnoll is moderately wounded.
The gnoll closely misses you.
You hit the gnoll but do no damage.
The gnoll is moderately wounded.
You closely miss the gnoll.
The gnoll is moderately wounded.
The gnoll barely misses you.
You barely miss the gnoll.
You tail-slap the gnoll, but do no damage.
The gnoll is moderately wounded.
The gnoll misses you.
You hit the gnoll.
The gnoll is severely wounded.
The gnoll hits you with a spear!
You die...

# .### #...
###########.#.#.
#.....@ggg..#...## #
#.########......†# #
#># #......#<### # #.#
#..........# # #.#
#...####.#.# # #.#
#..>###....# #
#.#######....#.###.####
#......# #....# ##.#..
######.# #....# #...#


You could see 3 gnolls.

Vanquished Creatures
  An ooze (D:2)
  A leopard gecko (D:2)
  2 giant cockroaches (D:1)
  6 goblins
  6 hobgoblins
  6 kobolds
  2 quokkas (D:2)
  3 bats (D:2)
  A frilled lizard (D:1)
  7 rats
35 creatures vanquished.

Notes
Turn   | Place    | Note
-------+----------+-------------------------------------------
     0 | D:1      | ponk the Draconian Berserker began the quest for the Orb.
     0 | D:1      | Reached XP level 1. HP: 19/19 MP: 1/1
   107 | D:1      | Reached XP level 2. HP: 24/26 MP: 2/2
   776 | D:2      | Reached skill level 1 in Short Blades
   776 | D:2      | Reached XP level 3. HP: 30/33 MP: 3/3
   826 | D:2      | Reached ** piety under Trog
   995 | D:2      | Slain by a gnoll

Skill      XL: |  1  2 |
---------------+-------+-----
Short Blades   | 1 |  1.4
Fighting       | |  3.8
Long Blades    | |  3.4
Dodging        | |  2.9

Action                   || total
-------------------------++-------
Melee: Falchion          ||    34
       Tailslap          ||    13
       Dagger            ||    73
 Stab: Sleeping          ||     1
Armor: Skin              ||    33
Dodge: Dodged            ||    67
       Rpst.: Falchion   ||    10
